[Event "Live Chess"]
[Site "Chess.com"]
[Date "2021.02.10"]
[Round "1"]
[White "Kondsaga"]
[Black "AlexanderL"]
[Result "0-1"]
[CurrentPosition "8/8/p7/1p1p4/1P1P2p1/P7/5k2/7K w - -"]
[Timezone "UTC"]
[ECO "C01"]
[ECOUrl "https://www.chess.com/openings/French-Defense-Exchange-Variation-3...exd5-4.Nf3"]
[UTCDate "2021.02.10"]
[UTCTime "02:30:19"]
[WhiteElo "2004"]
[BlackElo "2738"]
[TimeControl "2100+2"]
[Termination "AlexanderL won by resignation"]
[StartTime "02:30:19"]
[EndDate "2021.02.10"]
[EndTime "03:08:37"]
[Link "https://www.chess.com/live/game/6507730956"]

1. e4 e6 2. d4 d5 3. exd5 exd5 4. Nf3 Nc6 5. c3 Bd6 6. Bd3 Nge7 7. Qc2 Bg4 8. Bg5 Bxf3 9. gxf3 Qd7 10. Nd2 O-O-O 11. O-O-O Rde8 12. Bh4 Bf4 13. Rhg1 g6 14. Bg3 Qd6 15. Kb1 Nd8 16. c4 Ne6 17. Nb3 dxc4 18. Bxc4 Nd5 19. Nc5 Bxg3 20. fxg3 c6 21. Qb3 Re7 22. Nxe6 Rxe6 23. Rge1 Rhe8 24. Rxe6 Rxe6 25. Bxd5 Qxd5 26. Qxd5 cxd5 27. Rd2 Re3 28. f4 Kd7 29. Kc2 Ke6 30. Rd3 Re2+ 31. Rd2 Rxd2+ 32. Kxd2 Kf5 33. Ke3 Kg4 34. Kf2 Kh3 35. Kg1 h5 36. b4 b5 37. Kh1 h4 38. gxh4 Kxh4 39. f5 g5 40. Kg2 Kg4 41. f6 Kf5 42. Kf3 Kxf6 43. Kg4 Kg6 44. h3 f5+ 45. Kf3 Kh5 46. Kg3 f4+ 47. Kf3 Kh4 48. Kg2 a6 49. a3 f3+ 50. Kxf3 Kxh3 51. Kf2 g4 52. Kg1 Kg3 53. Kh1 Kf2 0-1

[Event "Live Chess"]
[Site "Chess.com"]
[Date "2021.02.10"]
[Round "1"]
[White "GGuseinov"]
[Black "Talenuf"]
[Result "1-0"]
[CurrentPosition "1k4nr/2p1q2p/p1Q3p1/1p2P3/1b6/2N1B3/PP3PPP/3R2K1 b - -"]
[Timezone "UTC"]
[ECO "C69"]
[ECOUrl "https://www.chess.com/openings/Ruy-Lopez-Opening-Morphy-Defense-Exchange-Gligoric-Variation-6.d4-Bg4-7.c3"]
[UTCDate "2021.02.10"]
[UTCTime "02:30:41"]
[WhiteElo "2623"]
[BlackElo "1782"]
[TimeControl "2100+2"]
[Termination "GGuseinov won by resignation"]
[StartTime "02:30:41"]
[EndDate "2021.02.10"]
[EndTime "02:52:08"]
[Link "https://www.chess.com/live/game/6507731488"]

1. e4 e5 2. Nf3 Nc6 3. Bb5 a6 4. Bxc6 dxc6 5. O-O f6 6. d4 Bg4 7. c3 exd4 8. cxd4 Bd6 9. Qb3 Qc8 10. e5 Be6 11. Qe3 fxe5 12. dxe5 Be7 13. Nd4 Bd5 14. Qg3 g6 15. Nc3 Qd7 16. Be3 O-O-O 17. Rfd1 Qe8 18. Qh3+ Kb8 19. Ne6 Bxe6 20. Qxe6 Bb4 21. Rxd8+ Qxd8 22. Rd1 Qe7 23. Qc4 b5 24. Qxc6 1-0

[Event "Live Chess"]
[Site "Chess.com"]
[Date "2021.02.10"]
[Round "1"]
[White "twangbio"]
[Black "KyronGriffith"]
[Result "0-1"]
[CurrentPosition "8/8/8/8/1p1p4/pPqK1kb1/P1P5/6B1 w - -"]
[Timezone "UTC"]
[ECO "B33"]
[ECOUrl "https://www.chess.com/openings/Sicilian-Defense-Open-3...cxd4-4.Nxd4-Nf6-5.Nc3"]
[UTCDate "2021.02.10"]
[UTCTime "02:30:24"]
[WhiteElo "1907"]
[BlackElo "2328"]
[TimeControl "2100+2"]
[Termination "KyronGriffith won by checkmate"]
[StartTime "02:30:24"]
[EndDate "2021.02.10"]
[EndTime "03:43:35"]
[Link "https://www.chess.com/live/game/6507731700"]

1. e4 c5 2. Nf3 Nc6 3. d4 cxd4 4. Nxd4 Nf6 5. Nc3 e6 6. Nxc6 dxc6 7. Qxd8+ Kxd8 8. e5 Nd5 9. Nxd5 cxd5 10. Be3 Bd7 11. O-O-O Kc7 12. Kb1 b5 13. Be2 Be7 14. Rd2 a5 15. Rhd1 Bc6 16. b3 Rhb8 17. Kb2 a4 18. f4 g6 19. g4 b4 20. f5 gxf5 21. gxf5 Rg8 22. f6 Bf8 23. Bh5 Be8 24. Rg1 a3+ 25. Kb1 Rxg1+ 26. Bxg1 Bh6 27. Rg2 d4 28. Rg8 Rd8 29. Rh8 Bf4 30. Rxh7 Bxe5 31. Bxf7 Rd7 32. Bg8 Bxf6 33. Rxd7+ Kxd7 34. Bh7 Kd6 35. Kc1 Bg5+ 36. Kd1 Bh5+ 37. Ke1 e5 38. Be4 Bf4 39. h3 Bg3+ 40. Kd2 Ke7 41. Kd3 Bf7 42. Ke2 Be6 43. Kf3 Be1 44. Ke2 Bh4 45. Bg2 Bf5 46. Kd2 Bg3 47. Bf3 Bxh3 48. Kd3 Be6 49. Be4 Kf6 50. Ke2 Kg5 51. Kf3 Kh4 52. Bd3 Bd5+ 53. Ke2 Kg4 54. Bc4 Be4 55. Bd3 Bf3+ 56. Kd2 Bf4+ 57. Ke1 e4 58. Be2 Bg3+ 59. Kd1 e3 60. Bxf3+ Kxf3 61. Kc1 e2 62. Kd2 e1=Q+ 63. Kd3 Qc3# 0-1

[Event "Live Chess"]
[Site "Chess.com"]
[Date "2021.02.10"]
[Round "1"]
[White "josiwales"]
[Black "J3Chess24"]
[Result "1-0"]
[CurrentPosition "4N3/4k2P/p1n3p1/Pp6/2p5/2P1K3/1P6/8 b - -"]
[Timezone "UTC"]
[ECO "B10"]
[ECOUrl "https://www.chess.com/openings/Caro-Kann-Defense-Two-Knights-Attack-3...dxe4-4.Nxe4-Nf6"]
[UTCDate "2021.02.10"]
[UTCTime "02:30:31"]
[WhiteElo "2656"]
[BlackElo "1920"]
[TimeControl "2100+2"]
[Termination "josiwales won by resignation"]
[StartTime "02:30:31"]
[EndDate "2021.02.10"]
[EndTime "03:26:24"]
[Link "https://www.chess.com/live/game/6507731871"]

1. e4 c6 2. Nc3 d5 3. Nf3 dxe4 4. Nxe4 Nf6 5. Qe2 Nxe4 6. Qxe4 Qd5 7. Qf4 Qd6 8. d4 Qxf4 9. Bxf4 Bf5 10. O-O-O e6 11. Bc4 b5 12. Bb3 Nd7 13. Rhe1 Be7 14. h3 O-O-O 15. a4 a6 16. c3 Kb7 17. a5 c5 18. Bd5+ Ka7 19. Bc6 Nb8 20. d5 Bd6 21. Bxd6 Rxd6 22. Ne5 Rf8 23. g4 exd5 24. Rxd5 Rxd5 25. Bxd5 Be6 26. Bxe6 fxe6 27. Nd3 c4 28. Nc5 Rxf2 29. Rxe6 Rf7 30. Rb6 Rc7 31. Ne6 Rf7 32. Nd4 Rf6 33. Re6 Rxe6 34. Nxe6 Kb7 35. Nxg7 Nd7 36. g5 Kc6 37. Kd2 Kd6 38. Ke3 Ke5 39. h4 Nb8 40. h5 Nc6 41. g6 hxg6 42. h6 Kf6 43. Ne8+ Ke7 44. h7 1-0

[Event "Live Chess"]
[Site "Chess.com"]
[Date "2021.02.10"]
[Round "1"]
[White "knvsback"]
[Black "Tirantes"]
[Result "0-1"]
[CurrentPosition "r4rk1/ppp3pp/1n1b2b1/8/6p1/2PP3P/PPB2q2/RNBQR1K1 w - -"]
[Timezone "UTC"]
[ECO "C55"]
[ECOUrl "https://www.chess.com/openings/Italian-Game-Two-Knights-Modern-Bishops-Opening"]
[UTCDate "2021.02.10"]
[UTCTime "02:30:43"]
[WhiteElo "1730"]
[BlackElo "2452"]
[TimeControl "2100+2"]
[Termination "Tirantes won by resignation"]
[StartTime "02:30:43"]
[EndDate "2021.02.10"]
[EndTime "03:04:27"]
[Link "https://www.chess.com/live/game/6507732019"]

1. e4 e5 2. Nf3 Nc6 3. Bc4 Nf6 4. d3 Be7 5. c3 O-O 6. O-O d5 7. exd5 Nxd5 8. Re1 Bg4 9. Bb3 Nb6 10. h3 Bh5 11. g4 Bg6 12. Bc2 f5 13. Nxe5 Nxe5 14. Rxe5 Bd6 15. Re1 Qh4 16. Re3 fxg4 17. Re1 Qxf2+ 0-1

[Event "Live Chess"]
[Site "Chess.com"]
[Date "2021.02.10"]
[Round "1"]
[White "kingandqueen2017"]
[Black "A-boy415"]
[Result "1-0"]
[CurrentPosition "6k1/5pp1/2N4p/1Q2P1q1/1p6/n4N2/5PPP/4R1K1 b - -"]
[Timezone "UTC"]
[ECO "C55"]
[ECOUrl "https://www.chess.com/openings/Italian-Game-Two-Knights-Modern-Bishops-Opening"]
[UTCDate "2021.02.10"]
[UTCTime "02:30:38"]
[WhiteElo "2065"]
[BlackElo "1823"]
[TimeControl "2100+2"]
[Termination "kingandqueen2017 won by resignation"]
[StartTime "02:30:38"]
[EndDate "2021.02.10"]
[EndTime "03:07:31"]
[Link "https://www.chess.com/live/game/6507732151"]

1. e4 e5 2. Nf3 Nc6 3. Bc4 Nf6 4. d3 Be7 5. O-O d6 6. c3 a6 7. Bb3 O-O 8. Nbd2 Be6 9. Re1 Bxb3 10. Qxb3 b5 11. a4 Na5 12. Qc2 c5 13. axb5 axb5 14. Nf1 Qc7 15. Bg5 h6 16. Bxf6 Bxf6 17. Ne3 Bd8 18. Nd5 Qd7 19. b4 cxb4 20. Nxb4 Bb6 21. Nd5 Bc5 22. d4 Nc4 23. dxc5 dxc5 24. Rxa8 Rxa8 25. Ne3 Na3 26. Qa2 Ra4 27. Nxe5 Qe7 28. Qd5 b4 29. cxb4 cxb4 30. Nf5 Qf6 31. Nd4 Ra6 32. Nec6 Rb6 33. e5 Qg5 34. Nf3 Rb5 35. Qxb5 1-0

[Event "Live Chess"]
[Site "Chess.com"]
[Date "2021.02.10"]
[Round "1"]
[White "dashrndrx"]
[Black "ecwinslow"]
[Result "0-1"]
[CurrentPosition "4rk2/pp4b1/8/3p4/3P1PR1/2PK2Q1/4q1b1/7R w - -"]
[Timezone "UTC"]
[ECO "A27"]
[ECOUrl "https://www.chess.com/openings/English-Opening-Reversed-Sicilian-Three-Knights-System-3...f5-4.d4-e4"]
[UTCDate "2021.02.10"]
[UTCTime "02:30:41"]
[WhiteElo "1805"]
[BlackElo "2253"]
[TimeControl "2100+2"]
[Termination "ecwinslow won by checkmate"]
[StartTime "02:30:41"]
[EndDate "2021.02.10"]
[EndTime "03:32:31"]
[Link "https://www.chess.com/live/game/6507732274"]

1. c4 e5 2. Nc3 Nc6 3. Nf3 f5 4. d4 e4 5. Bg5 Nce7 6. Nh4 h6 7. Ng6 hxg5 8. Nxh8 g6 9. h4 g4 10. h5 gxh5 11. Rxh5 Nf6 12. Rh1 e3 13. Qc1 f4 14. fxe3 d5 15. exf4 Bf5 16. e3 Bg7 17. cxd5 Nexd5 18. Bc4 c6 19. e4 Nxe4 20. Rh5 Nexc3 21. bxc3 Qf6 22. Bxd5 cxd5 23. Qe3+ Kf8 24. Kd2 Re8 25. Qf2 Bxh8 26. Rah1 Bg7 27. Rg5 Be4 28. Rxg4 Qa6 29. Qg3 Qxa2+ 30. Ke3 Bxg2+ 31. Kd3 Qe2# 0-1

[Event "Live Chess"]
[Site "Chess.com"]
[Date "2021.02.10"]
[Round "1"]
[White "powerofapoint"]
[Black "3Ke31-0"]
[Result "0-1"]
[CurrentPosition "8/p3k3/4P3/8/4K3/q7/8/8 w - -"]
[Timezone "UTC"]
[ECO "D12"]
[ECOUrl "https://www.chess.com/openings/Slav-Defense-Modern-Quiet-Schallopp-Defense-5.Nc3-e6"]
[UTCDate "2021.02.10"]
[UTCTime "02:30:43"]
[WhiteElo "2117"]
[BlackElo "1970"]
[TimeControl "2100+2"]
[Termination "3Ke31-0 won by resignation"]
[StartTime "02:30:43"]
[EndDate "2021.02.10"]
[EndTime "03:42:59"]
[Link "https://www.chess.com/live/game/6507732666"]

1. d4 d5 2. c4 c6 3. Nf3 Nf6 4. e3 Bf5 5. Nc3 e6 6. cxd5 exd5 7. Bd3 Bg6 8. O-O Bd6 9. Re1 O-O 10. Bxg6 hxg6 11. a3 Nbd7 12. b4 Re8 13. Bb2 Ne4 14. Nxe4 dxe4 15. Nd2 Nb6 16. Qg4 Re6 17. Rac1 f5 18. Qe2 Nd5 19. f4 g5 20. fxg5 Qxg5 21. Nf1 f4 22. Rc2 Rf8 23. exf4 Nxf4 24. Qe3 Qh4 25. g3 Nh3+ 26. Kg2 Qg4 27. Kh1 Rf3 28. Qe2 Nf2+ 29. Qxf2 Rxf2 30. Rxf2 Rh6 31. Kg1 Rf6 32. Ne3 Qg6 33. Rxf6 gxf6 34. Kg2 f5 35. Nc4 Bc7 36. Kh1 Qh5 37. Ne5 Bxe5 38. dxe5 Qf3+ 39. Kg1 Qb3 40. Re2 e3 41. Kg2 Qd5+ 42. Kh3 Qf3 43. Re1 e2 44. Bc3 Qxc3 45. Rxe2 Qf3 46. Re1 Kf7 47. e6+ Ke7 48. Re5 Qg4+ 49. Kg2 f4 50. Kf2 fxg3+ 51. hxg3 Qd4+ 52. Re3 b6 53. Kf3 c5 54. bxc5 bxc5 55. g4 c4 56. g5 c3 57. g6 c2 58. g7 Qxg7 59. Re1 Qc3+ 60. Re3 c1=Q 61. Rxc3 Qxc3+ 62. Ke4 Qxa3 0-1

[Event "Live Chess"]
[Site "Chess.com"]
[Date "2021.02.10"]
[Round "1"]
[White "TNM2021"]
[Black "stratus_junior"]
[Result "0-1"]
[CurrentPosition "2Q5/p4pkp/2p3p1/8/3b3N/6PP/P2r1qBK/8 w - -"]
[Timezone "UTC"]
[ECO "D11"]
[ECOUrl "https://www.chess.com/openings/Slav-Defense-Modern-Line-3...Nf6-4.Qc2-g6"]
[UTCDate "2021.02.10"]
[UTCTime "02:30:46"]
[WhiteElo "1545"]
[BlackElo "1974"]
[TimeControl "2100+2"]
[Termination "stratus_junior won by resignation"]
[StartTime "02:30:46"]
[EndDate "2021.02.10"]
[EndTime "03:19:17"]
[Link "https://www.chess.com/live/game/6507732893"]

1. d4 d5 2. c4 c6 3. Nf3 Nf6 4. Qc2 g6 5. g3 Bg7 6. Bg2 O-O 7. O-O Bf5 8. Qb3 Qc8 9. Nbd2 Nbd7 10. Rd1 Re8 11. Nh4 Bg4 12. h3 Bxe2 13. Re1 Bxc4 14. Nxc4 dxc4 15. Qxc4 e5 16. dxe5 Nxe5 17. Qc3 Nd5 18. Qd2 Nc4 19. Rxe8+ Qxe8 20. Qd1 Nxb2 21. Bxb2 Bxb2 22. Rb1 Nc3 23. Qc2 Nxb1 24. Qxb1 Qe2 25. Bf3 Qe5 26. Kg2 Rd8 27. Qc2 Bc3 28. Qb3 Rd2 29. Qxb7 Qe3 30. Qc8+ Kg7 31. Kh2 Qxf2+ 32. Bg2 Bd4 0-1

[Event "Live Chess"]
[Site "Chess.com"]
[Date "2021.02.10"]
[Round "1"]
[White "ninjaforce"]
[Black "chessappeals"]
[Result "1-0"]
[CurrentPosition "1k2r3/ppp5/3pB3/6p1/8/P1P2P2/1PP3P1/1K5R b - -"]
[Timezone "UTC"]
[ECO "C42"]
[ECOUrl "https://www.chess.com/openings/Petrovs-Defense-Classical-Nimzowitsch-Attack"]
[UTCDate "2021.02.10"]
[UTCTime "02:31:04"]
[WhiteElo "1977"]
[BlackElo "1490"]
[TimeControl "2100+2"]
[Termination "ninjaforce won by resignation"]
[StartTime "02:31:04"]
[EndDate "2021.02.10"]
[EndTime "03:05:07"]
[Link "https://www.chess.com/live/game/6507734081"]

1. e4 e5 2. Nf3 Nf6 3. Nxe5 d6 4. Nf3 Nxe4 5. Nc3 Nxc3 6. dxc3 Be7 7. Be3 Nc6 8. Qd2 Be6 9. O-O-O Qd7 10. Kb1 Bf6 11. h4 h6 12. Nd4 Nxd4 13. Bxd4 O-O-O 14. Bxf6 gxf6 15. Qd4 Kb8 16. Qxf6 Qa4 17. a3 Qg4 18. f3 Qg6 19. Qxg6 fxg6 20. Bd3 g5 21. Rde1 Rhe8 22. hxg5 hxg5 23. Bg6 Re7 24. Bf5 Rde8 25. Rxe6 Rxe6 26. Bxe6 1-0

[Event "Live Chess"]
[Site "Chess.com"]
[Date "2021.02.10"]
[Round "1"]
[White "pgstar3"]
[Black "artliou"]
[Result "0-1"]
[CurrentPosition "4r1k1/1p3p2/p3p1b1/P3P3/1q1r3b/4Q3/1P4PP/1R3R1K w - -"]
[Timezone "UTC"]
[ECO "B22"]
[ECOUrl "https://www.chess.com/openings/Sicilian-Defense-Alapin-Variation-2...Nf6-3.e5-Nd5-4.Nf3"]
[UTCDate "2021.02.10"]
[UTCTime "02:31:02"]
[WhiteElo "1874"]
[BlackElo "2214"]
[TimeControl "2100+2"]
[Termination "artliou won by resignation"]
[StartTime "02:31:02"]
[EndDate "2021.02.10"]
[EndTime "03:14:21"]
[Link "https://www.chess.com/live/game/6507734319"]

1. e4 c5 2. c3 Nf6 3. e5 Nd5 4. Nf3 e6 5. d4 cxd4 6. cxd4 Nc6 7. Bc4 Nb6 8. Bb3 d6 9. Qe2 dxe5 10. dxe5 Bc5 11. O-O h6 12. Rd1 Qc7 13. Qe4 Bd7 14. a4 Rd8 15. Nc3 a6 16. Bf4 Na5 17. Bc2 Bc6 18. Qe2 Nd5 19. Nxd5 Bxd5 20. Rac1 Qb6 21. Rb1 Nc6 22. Nd2 Nd4 23. Qd3 Nxc2 24. Qxc2 Bxf2+ 25. Kh1 O-O 26. Rf1 Bd4 27. Nf3 Bc5 28. Qc1 Rfe8 29. Bxh6 gxh6 30. Qxh6 Bf8 31. Qh5 Be4 32. Qg4+ Bg6 33. Nh4 Rd4 34. Qg5 Be7 35. Qe3 Bxh4 36. a5 Qb4 0-1

[Event "Live Chess"]
[Site "Chess.com"]
[Date "2021.02.10"]
[Round "1"]
[White "David_Askin"]
[Black "Joseph_Truelsons_Fan"]
[Result "1-0"]
[CurrentPosition "8/7k/2b2qpp/2Q5/2B1p3/4P2P/PP3PP1/3R2K1 b - -"]
[Timezone "UTC"]
[ECO "D30"]
[ECOUrl "https://www.chess.com/openings/Queens-Gambit-Declined-3.Nf3-Nf6"]
[UTCDate "2021.02.10"]
[UTCTime "02:31:04"]
[WhiteElo "1992"]
[BlackElo "1881"]
[TimeControl "2100+2"]
[Termination "David_Askin won by resignation"]
[StartTime "02:31:04"]
[EndDate "2021.02.10"]
[EndTime "03:13:19"]
[Link "https://www.chess.com/live/game/6507734494"]

1. d4 d5 2. Nf3 Nf6 3. c4 e6 4. Nc3 Be7 5. Bg5 O-O 6. e3 h6 7. Bh4 b6 8. cxd5 exd5 9. Rc1 Bb7 10. Be2 Nbd7 11. O-O c5 12. dxc5 bxc5 13. Qa4 Nb6 14. Qa5 Ne4 15. Bxe7 Qxe7 16. Rfd1 Rfd8 17. Nxe4 dxe4 18. Rxd8+ Rxd8 19. Nd2 Rd5 20. Nc4 Nxc4 21. Bxc4 Rh5 22. Qxa7 Qd6 23. h3 Bc6 24. Qxf7+ Kh7 25. Qxh5 g6 26. Rd1 Qf6 27. Qxc5 1-0

[Event "Live Chess"]
[Site "Chess.com"]
[Date "2021.02.10"]
[Round "1"]
[White "chessp1234"]
[Black "SmilyFace4"]
[Result "0-1"]
[CurrentPosition "8/8/4k3/8/1K6/5p2/8/8 w - -"]
[Timezone "UTC"]
[ECO "B15"]
[ECOUrl "https://www.chess.com/openings/Caro-Kann-Defense-Tartakower-Forgacs-Variation"]
[UTCDate "2021.02.10"]
[UTCTime "02:31:04"]
[WhiteElo "1624"]
[BlackElo "2048"]
[TimeControl "2100+2"]
[Termination "SmilyFace4 won by resignation"]
[StartTime "02:31:04"]
[EndDate "2021.02.10"]
[EndTime "03:38:23"]
[Link "https://www.chess.com/live/game/6507734641"]

1. e4 c6 2. d4 d5 3. Nc3 dxe4 4. Nxe4 Nf6 5. Nxf6+ exf6 6. Bc4 Qe7+ 7. Qe2 Bg4 8. f3 Bf5 9. c3 Nd7 10. Bf4 a5 11. a4 Nb6 12. Bb3 Be6 13. Bxe6 Qxe6 14. Qxe6+ fxe6 15. Ne2 Nd5 16. O-O-O Nxf4 17. Nxf4 Kf7 18. Rhe1 Re8 19. Nd3 g5 20. Re2 Bd6 21. g3 h5 22. Rde1 h4 23. f4 hxg3 24. hxg3 gxf4 25. Nxf4 Bxf4+ 26. gxf4 f5 27. Re5 b6 28. c4 Rh4 29. d5 cxd5 30. cxd5 Rxf4 31. dxe6+ Kf6 32. b3 Rf1 33. Kd2 Rxe1 34. Rxe1 Rxe6 35. Rb1 f4 36. b4 Re4 37. bxa5 bxa5 38. Rb6+ Ke7 39. Rb5 Rxa4 40. Kc3 Ke6 41. Kb3 Rb4+ 42. Rxb4 axb4 43. Kxb4 f3 0-1

[Event "Live Chess"]
[Site "Chess.com"]
[Date "2021.02.10"]
[Round "1"]
[White "Mangonel"]
[Black "MechAnjin"]
[Result "1-0"]
[CurrentPosition "8/8/K7/1pQ5/1P3k2/8/8/7q b - -"]
[Timezone "UTC"]
[ECO "E00"]
[ECOUrl "https://www.chess.com/openings/Catalan-Opening-3...d5"]
[UTCDate "2021.02.10"]
[UTCTime "02:30:54"]
[WhiteElo "1780"]
[BlackElo "1539"]
[TimeControl "2100+2"]
[Termination "Mangonel won on time"]
[StartTime "02:30:54"]
[EndDate "2021.02.10"]
[EndTime "03:45:37"]
[Link "https://www.chess.com/live/game/6507734770"]

1. d4 Nf6 2. c4 e6 3. g3 d5 4. Nf3 c6 5. Nc3 Be7 6. Bg2 Nbd7 7. Qd3 b6 8. O-O O-O 9. Rd1 Bb7 10. Bf4 h6 11. e4 dxe4 12. Nxe4 Nxe4 13. Qxe4 Nf6 14. Qe2 Qc8 15. Rac1 Re8 16. Ne5 c5 17. d5 exd5 18. cxd5 Bd6 19. Rc3 Qc7 20. Re3 a6 21. Nd3 c4 22. Bxd6 Qxd6 23. Nf4 b5 24. Qd2 Rxe3 25. Qxe3 Re8 26. Qd4 Rd8 27. Kf1 Bc8 28. Ne2 Bf5 29. Nc3 Re8 30. Kg1 Bd3 31. a3 Re5 32. b4 Ne8 33. Qc5 Kh7 34. Qc6 Re7 35. h4 Kg8 36. Qxd6 Nxd6 37. Bf1 Bxf1 38. Kxf1 Kf8 39. Re1 Rxe1+ 40. Kxe1 Ke7 41. Ke2 Kf6 42. Ke3 Ke5 43. f4+ Kf5 44. Kd4 h5 45. Kc5 Ne4+ 46. Nxe4 Kxe4 47. d6 c3 48. d7 c2 49. d8=Q c1=Q+ 50. Kb6 Qxa3 51. Qe7+ Kf3 52. Qb7+ Kxg3 53. Qxf7 Kxh4 54. Qxg7 Qg3 55. Qxg3+ Kxg3 56. f5 h4 57. f6 h3 58. f7 h2 59. f8=Q h1=Q 60. Qg7+ Kf4 61. Qf6+ Ke3 62. Qe6+ Kf4 63. Qd6+ Ke3 64. Qc5+ Kf4 65. Kxa6 1-0

[Event "Live Chess"]
[Site "Chess.com"]
[Date "2021.02.10"]
[Round "1"]
[White "KingSmasher35"]
[Black "GM_Fobby_Bischer"]
[Result "1/2-1/2"]
[CurrentPosition "8/2p2p2/3p4/p2P1k2/2P4p/1P2KP1P/8/8 w - -"]
[Timezone "UTC"]
[ECO "A45"]
[ECOUrl "https://www.chess.com/openings/Indian-Game"]
[UTCDate "2021.02.10"]
[UTCTime "02:31:09"]
[WhiteElo "1785"]
[BlackElo "1718"]
[TimeControl "2100+2"]
[Termination "Game drawn by agreement"]
[StartTime "02:31:09"]
[EndDate "2021.02.10"]
[EndTime "03:22:56"]
[Link "https://www.chess.com/live/game/6507735258"]

1. d4 Nf6 2. Bf4 g6 3. e3 Bg7 4. Nf3 O-O 5. c4 d6 6. h3 Bf5 7. Bd3 Bxd3 8. Qxd3 Nbd7 9. Qb3 b6 10. O-O Re8 11. Nc3 Nh5 12. Bh2 e5 13. Rfe1 exd4 14. exd4 Nhf6 15. Rxe8+ Qxe8 16. Re1 Qd8 17. Qc2 Nb8 18. d5 a6 19. Qe2 Nbd7 20. Bf4 b5 21. b3 bxc4 22. bxc4 Nh5 23. Bd2 Ne5 24. Nxe5 Bxe5 25. Rb1 Nf4 26. Bxf4 Bxf4 27. Qe4 Be5 28. Ne2 Qe8 29. Qd3 Rb8 30. Rxb8 Qxb8 31. Qb3 Qxb3 32. axb3 g5 33. f3 h5 34. Kf2 Kg7 35. Ke3 Kg6 36. Nd4 Bxd4+ 37. Kxd4 Kf5 38. Ke3 Ke5 39. g3 a5 40. Kd3 h4 41. gxh4 gxh4 42. Ke3 Kf5 1/2-1/2

[Event "Live Chess"]
[Site "Chess.com"]
[Date "2021.02.10"]
[Round "1"]
[White "andrewaballantyne"]
[Black "GiorgosTsolias"]
[Result "0-1"]
[CurrentPosition "8/8/p7/1p1p1p1p/1P5P/P3kPK1/8/8 w - -"]
[Timezone "UTC"]
[ECO "C54"]
[ECOUrl "https://www.chess.com/openings/Giuoco-Piano-Game-Center-Attack-5...exd4-6.cxd4-Bb4-7.Bd2"]
[UTCDate "2021.02.10"]
[UTCTime "02:31:21"]
[WhiteElo "1347"]
[BlackElo "1673"]
[TimeControl "2100+2"]
[Termination "GiorgosTsolias won on time"]
[StartTime "02:31:21"]
[EndDate "2021.02.10"]
[EndTime "03:35:22"]
[Link "https://www.chess.com/live/game/6507736502"]

1. e4 e5 2. Nf3 Nc6 3. Bc4 Bc5 4. c3 Nf6 5. d4 exd4 6. cxd4 Bb4+ 7. Bd2 Bxd2+ 8. Nbxd2 d5 9. exd5 Nxd5 10. O-O O-O 11. h3 Nb6 12. Re1 Nxc4 13. Nxc4 Be6 14. Nce5 Bd5 15. Rc1 f6 16. Nxc6 Bxc6 17. Rc5 Bd5 18. Qc2 c6 19. Rc3 Qd7 20. Rce3 Rae8 21. Qe2 Bxf3 22. Qxf3 Rxe3 23. Qxe3 Rd8 24. a3 Kf8 25. b4 Re8 26. Qxe8+ Qxe8 27. Rxe8+ Kxe8 28. Kf1 Ke7 29. Ke2 Kd6 30. Kd3 Kd5 31. f3 b5 32. g4 g6 33. h4 h5 34. gxh5 gxh5 35. Kc3 Ke6 36. Kd3 Kf5 37. Ke3 a6 38. Kf2 Kf4 39. Kg2 Ke3 40. Kg3 f5 41. d5 cxd5 0-1

[Event "Live Chess"]
[Site "Chess.com"]
[Date "2021.02.10"]
[Round "1"]
[White "thedarkbishop"]
[Black "Bruce_Hedman"]
[Result "1-0"]
[CurrentPosition "2qr4/R5Qk/p1p3p1/4p2p/4P3/2N1B1P1/PPn4P/7K b - -"]
[Timezone "UTC"]
[ECO "B33"]
[ECOUrl "https://www.chess.com/openings/Sicilian-Defense-Open-3...cxd4-4.Nxd4"]
[UTCDate "2021.02.10"]
[UTCTime "02:31:32"]
[WhiteElo "1680"]
[BlackElo "1392"]
[TimeControl "2100+2"]
[Termination "thedarkbishop won by checkmate"]
[StartTime "02:31:32"]
[EndDate "2021.02.10"]
[EndTime "03:29:20"]
[Link "https://www.chess.com/live/game/6507736694"]

1. e4 c5 2. Nf3 Nc6 3. d4 cxd4 4. Nxd4 d6 5. Bb5 Bd7 6. O-O Nf6 7. Nc3 a6 8. Bxc6 Bxc6 9. Nxc6 bxc6 10. Be3 g6 11. Qe2 Bg7 12. f4 e5 13. fxe5 dxe5 14. Rad1 Qc7 15. Bg5 Nd7 16. Kh1 O-O 17. Qg4 Nc5 18. Be3 Ne6 19. Rf2 Rad8 20. Rfd2 Rxd2 21. Rxd2 h5 22. Qd1 Nf4 23. Rd7 Qc8 24. Bc5 Re8 25. g3 Ne6 26. Be3 Nd4 27. Ra7 Rd8 28. Qf1 Nxc2 29. Qxf7+ Kh7 30. Qxg7# 1-0

[Event "Live Chess"]
[Site "Chess.com"]
[Date "2021.02.10"]
[Round "1"]
[White "night_breeze"]
[Black "malletpercussion"]
[Result "0-1"]
[CurrentPosition "8/8/7p/6k1/8/4K2P/5p2/8 b - -"]
[Timezone "UTC"]
[ECO "B50"]
[ECOUrl "https://www.chess.com/openings/Sicilian-Defense-2.Nf3-d6"]
[UTCDate "2021.02.10"]
[UTCTime "02:31:20"]
[WhiteElo "1427"]
[BlackElo "1556"]
[TimeControl "2100+2"]
[Termination "malletpercussion won by resignation"]
[StartTime "02:31:20"]
[EndDate "2021.02.10"]
[EndTime "03:43:30"]
[Link "https://www.chess.com/live/game/6507736993"]

1. e4 c5 2. Nf3 d6 3. Nc3 e6 4. a3 Nf6 5. b4 b6 6. Bb2 Be7 7. Bb5+ Bd7 8. O-O O-O 9. Re1 a6 10. Bxd7 Nbxd7 11. e5 dxe5 12. Nxe5 Nxe5 13. Rxe5 cxb4 14. axb4 Bxb4 15. d4 Qd6 16. Ne4 Nxe4 17. Rxe4 Rfc8 18. Qd3 Ba5 19. c4 Qc7 20. c5 bxc5 21. dxc5 Qxc5 22. Re5 Qb6 23. Bd4 Qb4 24. Rexa5 Rd8 25. Rxa6 Rxa6 26. Rxa6 h6 27. h3 Qxd4 28. Qxd4 Rxd4 29. Ra7 f5 30. g3 Kh7 31. Re7 Rd6 32. f4 Kg6 33. Kf2 Kf6 34. Ra7 Rd3 35. Rb7 g5 36. Rh7 Kg6 37. Re7 Rd6 38. Ke3 gxf4+ 39. Kxf4 Kf6 40. Rh7 e5+ 41. Ke3 Kg6 42. Re7 Rd5 43. Re6+ Kh5 44. Rf6 Kg5 45. Re6 f4+ 46. gxf4+ exf4+ 47. Ke4 Rb5 48. Re5+ Rxe5+ 49. Kxe5 f3 50. Ke4 f2 51. Ke3 0-1

[Event "Live Chess"]
[Site "Chess.com"]
[Date "2021.02.10"]
[Round "1"]
[White "rimus11"]
[Black "figsnoring"]
[Result "1-0"]
[CurrentPosition "r1br2kQ/p1p1qp2/1pn1pnp1/8/2BPP1P1/2N2N2/PP3P2/2KR3R b - -"]
[Timezone "UTC"]
[ECO "D80"]
[ECOUrl "https://www.chess.com/openings/Grunfeld-Defense-Stockholm-Variation"]
[UTCDate "2021.02.10"]
[UTCTime "02:31:36"]
[WhiteElo "1462"]
[BlackElo "1293"]
[TimeControl "2100+2"]
[Termination "rimus11 won by checkmate"]
[StartTime "02:31:36"]
[EndDate "2021.02.10"]
[EndTime "02:49:24"]
[Link "https://www.chess.com/live/game/6507737153"]

1. d4 Nf6 2. c4 g6 3. Nc3 d5 4. Bg5 Bg7 5. Nf3 dxc4 6. e4 O-O 7. Bxc4 h6 8. Be3 Nc6 9. Qd2 e6 10. O-O-O Qe7 11. Bxh6 Rd8 12. Bxg7 Kxg7 13. h4 b6 14. h5 Nxh5 15. g4 Nf6 16. Qh6+ Kg8 17. Qh8# 1-0